 Dungeon Crawl Stone Soup version 0.29.0-4-gdea44cf6ec (webtiles) character file.

Game seed: 13149474011452826193

7868 qw the Blocker (level 11, -2/100 HPs)
             Began as a Troll Cinder Acolyte on Aug 30, 2022.
             Was a Priest of Ignis.
             Slain by an orc warrior
             ... wielding a +0 halberd
              (13 damage)
             ... on level 10 of the Dungeon.
             The game lasted 00:04:21 (7096 turns).

qw the Blocker (Troll Cinder Acolyte)               Turns: 7096, Time: 00:04:22

Health: -2/100     AC: 16    Str: 28    XL:     11   Next: 2%
Magic:  11/11      EV:  7    Int: 10    God:    Ignis [***...]
Gold:   403        SH: 14    Dex:  5    Spells: 12/12 levels left

rFire   + + .      SeeInvis +     - Unarmed
rCold   + . .      Faith    .   h - +0 tower shield
rNeg    . . .      Spirit   .   w - +2 robe {rC+ rF+}
rPois   +          Reflect  .   (helmet restricted)
rElec   .          Harm     .   p - +2 cloak
rCorr   .          Rampage  .   (gloves unavailable)
Will    .....                   (boots unavailable)
Stlth   +.........              (no amulet)
HPRegen 1.06/turn               e - ring of see invisible
MPRegen 0.12/turn               f - ring of poison resistance

@: about to teleport, fiery-armoured
A: large, unfitting armour, claws 3, regeneration 1, shaggy fur 1, tough skin 1
a: Renounce Religion, Fiery Armour, Foxfire Swarm, Rising Flame


You were on level 10 of the Dungeon.
You worshipped Ignis.
Ignis was most pleased with you.
You visited 1 branch of the dungeon, and saw 10 of its levels.
You also visited: Ossuary.

You collected 448 gold pieces.
You spent 45 gold pieces at shops.


Innate Abilities, Weirdness & Mutations

You are too large for most types of armour.
You have claws for hands.
Your natural rate of healing is unusually fast.
You are covered in fur. (AC +1)
You have tough skin. (AC +1)


   Skills:
 - Level 4.1 Fighting
 - Level 1.5 Throwing
 - Level 1.4 Dodging
 - Level 12.0 Shields
 + Level 10.2 Unarmed Combat
 - Level 1.0 Spellcasting
 - Level 2.1 Fire Magic


You had 12 spell levels left.
You didn't know any spells.
Your spell library contained the following spells:

 Spells                   Type           Power      Damage    Failure   Level
 Scorch                   Fire           8%         2d5       58%         2

Inventory:

Missiles
 c - 7 boomerangs (quivered)
Armour
 h - a +0 tower shield (worn)
 p - a +2 cloak (worn)
 u - +0 steam dragon scales
 w - a +2 robe of resistance (worn)
Jewellery
 d - a ring of resist corrosion
 e - a ring of see invisible (left claw)
 f - a ring of poison resistance (right claw)
 k - a ring of willpower
 n - a ring of fire
 r - a ring of protection from fire
 v - a ring of see invisible
Scrolls
 b - 8 scrolls of teleportation
 g - 2 scrolls of identify
 i - a scroll of enchant armour
 q - 2 scrolls of brand weapon
Potions
 a - 2 potions of curing
 j - 3 potions of haste
 l - a potion of might
 m - a potion of mutation
 o - a potion of cancellation

Dungeon Overview and Level Annotations

Branches:
Dungeon (10/15)            Temple (0/1) D:4         Ossuary (visited)
   Lair: D:8-11         Orc: D:9-12

Altars:
Gozag
Kikubaaqudgha
Okawaru
Ru
Uskayaw
Wu Jian
Xom
The Shining One

Shops:
D:2 [

Annotations:
D:5 2 transporters, qw's ghost, novice TrCA


Message History

The yak is almost dead.
The yak gores you.
The yak is burned by your cloak of flames.
You kill the yak!
The yak gores you but does no damage.
The yak is burned by your cloak of flames.
The yak is lightly wounded.
You block the yak's attack.
An orc comes into view. It is wielding a +0 falchion.
The orc warrior barely misses you.
The orc warrior hits you from afar with a +0 halberd.
You completely miss the yak.
The yak is lightly wounded.
You block the orc warrior's attack. You block the yak's attack.
The orc warrior hits you from afar with a +0 trident.
The orc priest mumbles some strange prayers to Beogh against you.
Beogh smites you! The orc barely misses you. The yak closely misses you.
You hear a shout! x2
You scratch the yak but do no damage.
The yak is lightly wounded.
You hear a shout!
The yak barely misses you. You block the yak's attack.
The orc warrior hits you but does no damage.
The orc priest mumbles some strange prayers to Beogh against you.
Beogh smites you! The orc hits you but does no damage.
The orc is burned by your cloak of flames.
The orc is moderately wounded.
The orc warrior hits you from afar with a +0 halberd!
You hear a shout!
7095 ||| READING 9 scrolls of teleportation.
As you read the scroll of teleportation, it crumbles to dust.
You feel strangely unstable. The yak barely misses you.
You block the yak's attack. You block the orc warrior's attack.
The orc hits you with a +2 flail of protection.
The orc warrior hits you from afar with a +0 halberd.
You mangle the orc!!
You kill the orc!
The orc warrior hits you from afar with a +0 halberd!
You die...

#### ##.
.... [..##
#..# ......
#o.##......
#oo........
#oo.##.....
#YYo.......
#@)o.......
###.##.###
# ###
#.##.# ##.
...##.##.#
#..
....#.##.#
#.#
#.#.#.##.#
### ##.#
#........#
##.###..#
#..##.#..#
#.#.##..#
#.......##


You could see 2 yaks, 2 orc warriors, an orc priest and 4 orcs.

Vanquished Creatures
  A two-headed ogre (D:8)
  A hornet (D:8)
  Sigmund (D:6)
  A wraith (D:9)
  8 yaks
  2 wyverns
  4 steam dragons
  Edmund (D:6)
  3 water moccasins
  A black bear (D:4)
  An ice beast (D:6)
  4 orc warriors
  2 sky beasts (D:7)
  5 centaurs
  5 ogres
  2 phantoms
  A kobold brigand (D:8)
  2 bullfrogs (D:7)
  3 necrophages
  10 water moccasin zombies (Ossuary)
  A gnoll sergeant (D:7)
  2 scorpions
  4 wights (D:7)
  6 howler monkeys
  2 jellies
  3 orc priests
  2 gnoll boudas
  5 hounds
  Jessica (D:3)
  Terence (D:3)
  3 iguanas
  12 orc wizards
  2 mummies (Ossuary)
  9 adders
  12 gnolls
  A shadow imp (D:6)
  4 adder zombies (Ossuary)
  7 worms
  3 dart slugs
  33 orcs
  6 bats
  7 endoplasms
  3 giant cockroaches
  3 gnoll zombies (Ossuary)
  3 goblins
  4 hobgoblins
  4 kobolds
  3 quokkas
  2 ball pythons (D:2)
  4 frilled lizards
  5 hobgoblin zombies (Ossuary)
  2 kobold zombies (Ossuary)
  4 orc zombies (Ossuary)
  4 rats
225 creatures vanquished.

Notes
Turn   | Place    | Note
-------+----------+-------------------------------------------
     0 | D:1      | qw the Troll Cinder Acolyte began the quest for the Orb.
     0 | D:1      | Reached XP level 1. HP: 22/22 MP: 1/1
     0 | D:1      | 0 ||| qw: Version: 0.1-a-95-gae9e614
     0 | D:1      | 0 ||| qw: Game counter: 4383
     0 | D:1      | 0 ||| qw: Always use a shield: true
     0 | D:1      | 0 ||| qw: God list: Okawaru
     0 | D:1      | 0 ||| qw: Allow faded altars: false
     0 | D:1      | 0 ||| qw: Do Orc after D:15 true
     0 | D:1      | 0 ||| qw: Do second Lair branch before Depths: true
     0 | D:1      | 0 ||| qw: Lair rune preference: random
     0 | D:1      | 0 ||| qw: Plans: Normal
     0 | D:1      | 0 ||| PLANNING D:1-11
   175 | D:1      | Reached XP level 2. HP: 29/29 MP: 2/2
   835 | D:1      | 835 ||| READING scroll labelled VUNNI WEYN.
   839 | D:1      | 839 ||| READING scroll labelled WAOTUD SECWE.
   840 | D:1      | 840 ||| READING scroll labelled DOYKAPEUKE.
   841 | D:1      | 841 ||| READING scroll labelled UZUALO GYEM.
   842 | D:1      | 842 ||| READING scroll labelled ZECZEG TEOCEU.
  1133 | D:2      | Found Xeuwkith's Armour Shoppe.
  1139 | D:2      | 1139 ||| BUYING +0 kite shield (45 gold).
  1139 | D:2      | Bought a +0 kite shield for 45 gold pieces
  1417 | D:2      | Reached XP level 3. HP: 36/36 MP: 3/3
  1596 | D:2      | 1596 ||| UPGRADING to +0 kite shield.
  1601 | D:2      | 1601 ||| UPGRADING to ring of see invisible.
  1602 | D:2      | 1602 ||| READING scroll labelled DUTUTAE FURAFF.
  1603 | D:2      | 1603 ||| READING scroll labelled LEUSEIHEBO.
  1704 | D:2      | 1704 ||| READING scroll labelled BIRISHRI EPNEA.
  1705 | D:2      | 1705 ||| READING 3 scrolls labelled GEREOL NETU.
  1706 | D:2      | 1706 ||| DROPPING 2 scrolls of amnesia.
  1707 | D:2      | 1707 ||| READING 3 scrolls of teleportation.
  1731 | D:3      | 1731 ||| PLANNING SEWER
  1774 | D:3      | Noticed Terence
  1782 | D:3      | Killed Terence
  1783 | D:3      | Reached skill level 1 in Shields
  1804 | D:3      | Reached skill level 2 in Shields
  1804 | D:3      | Reached XP level 4. HP: 44/44 MP: 4/4
  1829 | D:3      | Noticed Jessica
  1833 | D:3      | Killed Jessica
  1866 | D:3      | 1866 ||| Stepping ~*~*~tactically~*~*~ (hiding).
  1870 | D:3      | 1870 ||| INVOKING Fiery Armour.
  1872 | D:3      | Reached skill level 3 in Shields
  1876 | D:3      | Reached XP level 5. HP: 50/50 MP: 5/5
  1930 | D:3      | 1930 ||| Stepping ~*~*~tactically~*~*~ (stealth).
  1940 | D:3      | 1940 ||| Stepping ~*~*~tactically~*~*~ (stealth).
  1940 | D:3      | Found a glowing drain.
  1946 | D:3      | 1946 ||| DRINKING 3 yellow potions.
  1947 | D:3      | 1947 ||| DROPPING 2 potions of brilliance.
  1948 | D:3      | 1948 ||| READING 2 scrolls of teleportation.
  1966 | D:3      | Found a faded altar of an unknown god.
  2133 | D:3      | Found an opulent altar of Gozag.
  2175 | D:3      | 2175 ||| Stepping ~*~*~tactically~*~*~ (hiding).
  2357 | D:3      | Reached skill level 4 in Shields
  2477 | D:3      | Found an ornate altar of the Wu Jian Council.
  2484 | D:3      | 2484 ||| RIP SEWER
  2501 | D:3      | 2501 ||| PLANNING D:1-11
  2687 | D:3      | 2687 ||| READING scroll labelled YNTAFO OCAOCO.
  2825 | D:4      | Found a staircase to the Ecumenical Temple.
  2826 | D:4      | 2826 ||| PLANNING OSSUARY
  3004 | D:4      | 3004 ||| Stepping ~*~*~tactically~*~*~ (stealth).
  3005 | D:4      | 3005 ||| Stepping ~*~*~tactically~*~*~ (stealth).
  3009 | D:4      | Reached XP level 6. HP: 50/59 MP: 6/6
  3009 | D:4      | 3009 ||| Stepping ~*~*~tactically~*~*~ (stealth).
  3082 | D:4      | Found a sand-covered staircase.
  3083 | D:4      | 3083 ||| READING 2 scrolls labelled TUGHEZXUIB.
  3084 | D:4      | 3084 ||| DROPPING scroll of immolation.
  3094 | Ossuary  | Entered an ossuary
  3111 | Ossuary  | 3111 ||| Stepping ~*~*~tactically~*~*~ (outnumbered).
  3131 | Ossuary  | Reached skill level 6 in Unarmed Combat
  3136 | Ossuary  | 3136 ||| Stepping ~*~*~tactically~*~*~ (outnumbered).
  3137 | Ossuary  | 3137 ||| Stepping ~*~*~tactically~*~*~ (outnumbered).
  3139 | Ossuary  | 3139 ||| Stepping ~*~*~tactically~*~*~ (outnumbered).
  3140 | Ossuary  | 3140 ||| Stepping ~*~*~tactically~*~*~ (outnumbered).
  3171 | Ossuary  | Reached XP level 7. HP: 61/66 MP: 7/7
  3225 | Ossuary  | 3225 ||| INVOKING Fiery Armour.
  3231 | Ossuary  | Reached skill level 5 in Shields
  3318 | Ossuary  | 3318 ||| READING scroll labelled NIRAASH UTREA.
  3319 | Ossuary  | 3319 ||| READING scroll labelled IPTUBU LASHRIC.
  3320 | Ossuary  | 3320 ||| DRINKING 2 cyan potions.
  3321 | Ossuary  | 3321 ||| DRINKING 2 bubbling grey potions.
  3322 | Ossuary  | 3322 ||| READING 6 scrolls of identify.
  3322 | Ossuary  | 3322 ||| IDENTIFYING fuming coppery potion
  3323 | Ossuary  | 3323 ||| READING 5 scrolls of identify.
  3323 | Ossuary  | 3323 ||| IDENTIFYING fuming emerald potion
  3324 | Ossuary  | 3324 ||| READING 4 scrolls of identify.
  3324 | Ossuary  | 3324 ||| IDENTIFYING red potion
  3325 | Ossuary  | 3325 ||| READING 3 scrolls of identify.
  3325 | Ossuary  | 3325 ||| IDENTIFYING fuming green potion
  3326 | Ossuary  | 3326 ||| DROPPING potion of attraction.
  3327 | Ossuary  | 3327 ||| DROPPING potion of magic.
  3333 | D:4      | 3333 ||| PLANNING D:1-11
  3363 | D:4      | Reached skill level 6 in Shields
  3363 | D:4      | Reached XP level 8. HP: 71/74 MP: 8/8
  3601 | D:5      | Entered Level 5 of the Dungeon
  3609 | D:5      | 3609 ||| Stepping ~*~*~tactically~*~*~ (stealth).
  3633 | D:5      | 3633 ||| Stepping ~*~*~tactically~*~*~ (stealth).
  3688 | D:5      | Found a glowing golden altar of the Shining One.
  3728 | D:5      | Found a shimmering altar of Xom.
  3738 | D:5      | Found a shimmering altar of Xom.
  3739 | D:5      | Found a shimmering altar of Xom.
  3739 | D:5      | Found a shimmering altar of Xom.
  3741 | D:5      | 3741 ||| READING 2 scrolls of identify.
  3741 | D:5      | 3741 ||| IDENTIFYING metallic amethyst potion
  3742 | D:5      | 3742 ||| DROPPING potion of lignification.
  3743 | D:5      | 3743 ||| READING 5 scrolls of teleportation.
  3745 | D:5      | Found a transporter.
  3745 | D:5      | Found a transporter.
  3745 | D:5      | Noticed qw's ghost (novice TrCA)
  3750 | D:5      | 3750 ||| Stepping ~*~*~tactically~*~*~ (outnumbered).
  3753 | D:5      | Reached skill level 3 in Fighting
  3829 | D:5      | 3829 ||| Stepping ~*~*~tactically~*~*~ (outnumbered).
  3834 | D:5      | 3834 ||| Stepping ~*~*~tactically~*~*~ (outnumbered).
  3838 | D:5      | Reached skill level 9 in Unarmed Combat
  4255 | D:5      | 4255 ||| UPGRADING to +0 tower shield.
  4265 | D:5      | 4265 ||| DROPPING +0 kite shield.
  4266 | D:5      | 4266 ||| UPGRADING to ring of poison resistance.
  4275 | D:6      | 4275 ||| Stepping ~*~*~tactically~*~*~ (hiding).
  4279 | D:6      | 4279 ||| Stepping ~*~*~tactically~*~*~ (outnumbered).
  4280 | D:6      | 4280 ||| Stepping ~*~*~tactically~*~*~ (outnumbered).
  4281 | D:6      | 4281 ||| Stepping ~*~*~tactically~*~*~ (outnumbered).
  4285 | D:6      | 4285 ||| Stepping ~*~*~tactically~*~*~ (outnumbered).
  4286 | D:6      | 4286 ||| Stepping ~*~*~tactically~*~*~ (outnumbered).
  4287 | D:6      | 4287 ||| Stepping ~*~*~tactically~*~*~ (outnumbered).
  4288 | D:6      | 4288 ||| Stepping ~*~*~tactically~*~*~ (outnumbered).
  4290 | D:6      | 4290 ||| Stepping ~*~*~tactically~*~*~ (outnumbered).
  4293 | D:6      | 4293 ||| INVOKING Fiery Armour.
  4324 | D:6      | Noticed Sigmund
  4325 | D:6      | 4325 ||| Stepping ~*~*~tactically~*~*~ (stealth).
  4329 | D:6      | Killed Sigmund
  4330 | D:6      | Reached skill level 7 in Shields
  4330 | D:6      | Reached XP level 9. HP: 54/81 MP: 9/9
  4352 | D:6      | 4352 ||| Stepping ~*~*~tactically~*~*~ (stealth).
  4370 | D:6      | 4370 ||| Stepping ~*~*~tactically~*~*~ (stealth).
  4426 | D:6      | 4426 ||| Stepping ~*~*~tactically~*~*~ (outnumbered).
  4427 | D:6      | 4427 ||| Stepping ~*~*~tactically~*~*~ (outnumbered).
  4431 | D:6      | Reached skill level 8 in Shields
  4443 | D:6      | 4443 ||| INVOKING Fiery Armour.
  4490 | D:6      | Reached skill level 9 in Shields
  4490 | D:6      | 4490 ||| FLEEEEING.
  4491 | D:6      | 4491 ||| FLEEEEING.
  4504 | D:6      | 4504 ||| Stepping ~*~*~tactically~*~*~ (stealth).
  4505 | D:6      | 4505 ||| Stepping ~*~*~tactically~*~*~ (stealth).
  4547 | D:6      | Noticed Edmund
  4552 | D:6      | 4552 ||| Stepping ~*~*~tactically~*~*~ (outnumbered).
  4558 | D:6      | Killed Edmund
  4575 | D:6      | 4575 ||| Stepping ~*~*~tactically~*~*~ (stealth).
  4577 | D:6      | 4577 ||| Stepping ~*~*~tactically~*~*~ (stealth).
  4793 | D:6      | 4793 ||| UPGRADING to +2 cloak.
  4798 | D:6      | 4798 ||| DROPPING ring of fire.
  4799 | D:6      | 4799 ||| DRINKING 2 sedimented purple potions.
  4827 | D:7      | Reached skill level 10 in Shields
  4834 | D:7      | Reached skill level 1 in Throwing
  4834 | D:7      | Found an ancient bone altar of Kikubaaqudgha.
  4847 | D:7      | 4847 ||| Stepping ~*~*~tactically~*~*~ (stealth).
  4891 | D:7      | 4891 ||| Stepping ~*~*~tactically~*~*~ (hiding).
  4895 | D:7      | 4895 ||| INVOKING Fiery Armour.
  4896 | D:7      | 4896 ||| Stepping ~*~*~tactically~*~*~ (outnumbered).
  4897 | D:7      | 4897 ||| Stepping ~*~*~tactically~*~*~ (outnumbered).
  4905 | D:7      | 4905 ||| Stepping ~*~*~tactically~*~*~ (outnumbered).
  4906 | D:7      | 4906 ||| Stepping ~*~*~tactically~*~*~ (outnumbered).
  4907 | D:7      | 4907 ||| Stepping ~*~*~tactically~*~*~ (outnumbered).
  5006 | D:7      | 5006 ||| Stepping ~*~*~tactically~*~*~ (hiding).
  5039 | D:7      | Reached XP level 10. HP: 89/91 MP: 10/10
  5110 | D:7      | 5110 ||| Stepping ~*~*~tactically~*~*~ (outnumbered).
  5111 | D:7      | 5111 ||| Stepping ~*~*~tactically~*~*~ (outnumbered).
  5112 | D:7      | 5112 ||| Stepping ~*~*~tactically~*~*~ (outnumbered).
  5113 | D:7      | 5113 ||| Stepping ~*~*~tactically~*~*~ (outnumbered).
  5164 | D:7      | 5164 ||| Stepping ~*~*~tactically~*~*~ (outnumbered).
  5165 | D:7      | 5165 ||| Stepping ~*~*~tactically~*~*~ (outnumbered).
  5166 | D:7      | 5166 ||| Stepping ~*~*~tactically~*~*~ (outnumbered).
  5232 | D:7      | 5232 ||| DRINKING potion of curing.
  5232 | D:7      | 5232 ||| (to cure confusion)
  5237 | D:7      | 5237 ||| Stepping ~*~*~tactically~*~*~ (outnumbered).
  5238 | D:7      | 5238 ||| Stepping ~*~*~tactically~*~*~ (outnumbered).
  5361 | D:7      | 5361 ||| UPGRADING to +0 steam dragon scales.
  5371 | D:7      | 5371 ||| DROPPING +0 robe.
  5372 | D:7      | 5372 ||| UPGRADING to +2 robe of resistance.
  5382 | D:7      | 5382 ||| READING scroll labelled UMOKIL XAYQOPS.
  5383 | D:7      | 5383 ||| READING 2 scrolls of identify.
  5383 | D:7      | 5383 ||| IDENTIFYING purple potion
  5384 | D:7      | 5384 ||| DROPPING potion of berserk rage.
  5431 | D:8      | 5431 ||| Stepping ~*~*~tactically~*~*~ (hiding).
  5439 | D:8      | Reached skill level 11 in Shields
  5476 | D:8      | 5476 ||| INVOKING Fiery Armour.
  5478 | D:8      | 5478 ||| Stepping ~*~*~tactically~*~*~ (outnumbered).
  5479 | D:8      | 5479 ||| Stepping ~*~*~tactically~*~*~ (outnumbered).
  5481 | D:8      | 5481 ||| Stepping ~*~*~tactically~*~*~ (outnumbered).
  5484 | D:8      | Reached skill level 1 in Dodging
  5504 | D:8      | 5504 ||| Stepping ~*~*~tactically~*~*~ (outnumbered).
  5627 | D:8      | 5627 ||| Stepping ~*~*~tactically~*~*~ (stealth).
  5628 | D:8      | 5628 ||| Stepping ~*~*~tactically~*~*~ (stealth).
  5630 | D:8      | 5630 ||| Stepping ~*~*~tactically~*~*~ (stealth).
  5781 | D:8      | 5781 ||| Stepping ~*~*~tactically~*~*~ (stealth).
  6067 | D:8      | Noticed a two-headed ogre
  6078 | D:8      | Killed a two-headed ogre
  6172 | D:8      | 6172 ||| READING scroll labelled MIPTAEWACI.
  6173 | D:8      | 6173 ||| READING 2 scrolls of identify.
  6173 | D:8      | 6173 ||| IDENTIFYING metallic sapphire potion
  6174 | D:8      | 6174 ||| DROPPING potion of invisibility.
  6327 | D:9      | Found a hide-covered altar of Uskayaw.
  6546 | D:9      | 6546 ||| FLEEEEING.
  6547 | D:9      | 6547 ||| FLEEEEING.
  6548 | D:9      | 6548 ||| FLEEEEING.
  6549 | D:9      | 6549 ||| FLEEEEING.
  6550 | D:9      | 6550 ||| FLEEEEING.
  6575 | D:9      | 6575 ||| Stepping ~*~*~tactically~*~*~ (stealth).
  6577 | D:9      | 6577 ||| Stepping ~*~*~tactically~*~*~ (hiding).
  6585 | D:9      | 6585 ||| Stepping ~*~*~tactically~*~*~ (hiding).
  6719 | D:9      | Found an iron altar of Okawaru.
  6726 | D:9      | 6726 ||| Stepping ~*~*~tactically~*~*~ (stealth).
  6810 | D:9      | Found a sacrificial altar of Ru.
  7018 | D:10     | Entered Level 10 of the Dungeon
  7070 | D:10     | 7070 ||| Stepping ~*~*~tactically~*~*~ (stealth).
  7071 | D:10     | 7071 ||| Stepping ~*~*~tactically~*~*~ (stealth).
  7073 | D:10     | 7073 ||| Stepping ~*~*~tactically~*~*~ (stealth).
  7074 | D:10     | 7074 ||| Stepping ~*~*~tactically~*~*~ (stealth).
  7075 | D:10     | 7075 ||| INVOKING Fiery Armour.
  7077 | D:10     | 7077 ||| Stepping ~*~*~tactically~*~*~ (outnumbered).
  7089 | D:10     | Reached skill level 12 in Shields
  7091 | D:10     | Reached XP level 11. HP: 50/100 MP: 11/11
  7094 | D:10     | HP: 25/100 [orc priest/divine providence (11)]
  7095 | D:10     | 7095 ||| READING 9 scrolls of teleportation.
  7095 | D:10     | HP: 10/100 [orc warrior/+0 halberd (4)]
  7096 | D:10     | Slain by an orc warrior

Levels and vault maps discovered:
D:1:      tarquinn_simple_flora_water_e, layout_loops_corners
D:2:      layout_basic, serial_shops, shop
D:3:      layout_basic, grunt_gozag_statues, marbit_many_paths,
          shapermc_ecumenical_altar_mp_highgroup, serial_corexii_hall,
          corexii_hall_statues_u, corexii_hall_statues_l,
          cheibrodos_sewer_entry_bend, uniq_jessica, uniq_terence
D:4:      layout_basic, minmay_temple_entry_statues_fountains, enter_ossuary_1
D:5:      layout_loops_ring, lemuel_crystal_altar, xom_redecorated,
          gammafunk_ghost_mausoleum
D:6:      layout_basic, uniq_sigmund, uniq_edmund
D:7:      layout_cave_pools, mainiacjoe_overflow_paths
D:8:      kennysheep_ambush_hall, layout_basic, st_stairs_11
D:9:      layout_irregular_city, overflow_temple_1_default,
          kennysheep_okawaru_gauntlet, mainiacjoe_overflow_alcove_2
D:10:     minmay_the_grid_octo_tiled_squarecenter
          [minmay_the_grid_octo_vomiting_pacman,
          minmay_the_grid_octo_tetromino_candy, minmay_the_grid_octo_focus,
          minmay_the_grid_octo_concentric,
          minmay_the_grid_square_5x5_megaprize_checkered,
          minmay_the_grid_square_5x5_v, minmay_the_grid_square_5x5_empty,
          minmay_the_grid_square_5x5_half_checkered,
          minmay_the_grid_square_5x5_broken_cross], layout_loops_cross,
          zin_angel, gammafunk_temple_overflow_pools, general_overflow_altar,
          david_lair_shrubbed, david_orc_4, serial_shops, shop

Skill      XL: |  1  2  3  4  5  6  7  8  9 10 |
---------------+-------------------------------+-----
Unarmed Combat | 4 6 7 9 10 | 10.2
Shields        | 2 3 4 6 7 10 12 | 12.0
Fighting       | 3 4 |  4.1
Throwing       | 1 |  1.5
Dodging        | 1 |  1.4
Spellcasting   | |  1.0
Fire Magic     | |  2.1

Action                   |  1- 3 |  4- 6 |  7- 9 | 10-12 || total
-------------------------+-------+-------+-------+-------++-------
Melee: Unarmed           |    58 |   125 |   275 |   187 ||   645
Throw: Boomerang         |    23 |    46 |    63 |    27 ||   159
Invok: Fiery Armour      |       |     1 |     4 |     2 ||     7
  Use: Scroll            |    10 |     3 |     8 |     5 ||    26
       Potion            |       |     1 |     3 |     1 ||     5
Armor: Robe              |    20 |    36 |    67 |    70 ||   193
Dodge: Dodged            |    18 |    35 |    50 |    57 ||   160
Block: Kite shield       |     3 |    40 |    31 |       ||    74
       Tower shield      |       |       |   120 |   165 ||   285

Table legend:
 A = Non-vault XP
 B = Vault XP
 C = Vault XP percentage of total XP
 D = Non-vault monster count
 E = Vault monster count
 F = Vault count percentage of total count
                 A         B        C        D         E       F
            +---------+---------+-------+---------+---------+-------
      Total |    8763 |    2480 |  22.1 |     175 |      50 |  22.2
            +---------+---------+-------+---------+---------+-------
        D:1 |      21 |       0 |   0.0 |      12 |       0 |   0.0
        D:2 |      26 |       0 |   0.0 |      10 |       0 |   0.0
        D:3 |     185 |      90 |  32.7 |      22 |       6 |  21.4
        D:4 |     456 |       0 |   0.0 |      22 |       0 |   0.0
        D:5 |     756 |       0 |   0.0 |      16 |       0 |   0.0
        D:6 |    1973 |     387 |  16.4 |      29 |       2 |   6.5
        D:7 |    1699 |       0 |   0.0 |      29 |       0 |   0.0
        D:8 |    1526 |    1121 |  42.3 |      12 |      11 |  47.8
        D:9 |    1320 |       0 |   0.0 |      19 |       0 |   0.0
       D:10 |     801 |       3 |   0.4 |       4 |       1 |  20.0
    Ossuary |       0 |     879 | 100.0 |       0 |      30 | 100.0
            +---------+---------+-------+---------+---------+-------
